 Dungeon Crawl Stone Soup version 0.30-a0-1160-g6e42c06551 (webtiles) character file.

Game seed: 6605139818783132646

784 Newt the Skirmisher (level 8, -10/44 HPs)
             Began as a Kobold Hunter on Apr 25, 2023.
             Was a Follower of Hepliaklqana.
             Killed by nerve-wracking pain
             ... invoked by an orc priest
              (14 damage)
             ... on level 5 of the Dungeon.
             The game lasted 00:03:04 (4408 turns).

Newt the Skirmisher (Kobold Hunter)                 Turns: 4408, Time: 00:03:06

Health: -10/44     AC: 13    Str:  9    XL:     8   Next: 11%
Magic:  8/8        EV:  8    Int: 10    God:    Hepliaklqana [*.....]
Gold:   248        SH:  0    Dex: 20    Spells: 7/7 levels left

rFire   . . .        a - +0 shortbow (heavy)
rCold   . . .        (shield currently unavailable)
rNeg    . . .        k - +3 chain mail
rPois   .            (no helmet)
rElec   .            (no cloak)
rCorr   .            (no gloves)
SInv    .            b - +1 pair of boots
Will    .....        (no amulet) Stlth
                     (no ring)
HPRegen 0.27/turn    (no ring)
MPRegen 0.11/turn

%: no passive effects
@: no status effects
A: reduced essence, small, no large weapons, nightstalker 3
a: Renounce Religion, Recall Ancestor, Ancestor Identity


You were on level 5 of the Dungeon.
You worshipped Hepliaklqana.
Hepliaklqana was aware of your devotion.
You visited 2 branches of the dungeon, and saw 6 of its levels.

You collected 248 gold pieces.

Inventory:

Hand Weapons
 a - a +0 heavy shortbow (weapon)
Armour
 b - a +1 pair of boots (worn)
 c - a +1 leather armour
 k - a +3 chain mail (worn)
Scrolls
 f - 2 scrolls of teleportation
 j - 3 scrolls of noise
Potions
 d - a potion of flight
 e - 5 potions of curing
 g - a potion of resistance
 h - a potion of haste
 i - 2 potions of might {unknown}
 l - 2 potions of heal wounds {unknown}
 m - a potion of brilliance {unknown}


   Skills:
 - Level 5.0 Fighting
 - Level 10.0 Ranged Weapons
 + Level 5.0 Dodging
 - Level 1.3 Stealth


You had 7 spell levels left.
You didn't know any spells.
Your spell library contained the following spells:

 Spells                   Type           Power      Damage    Failure   Level
 Static Discharge         Conj/Air       0%         2-2/arc   100%        2
 Airstrike                Air            0%         2d(0-16)  100%        4
 Summon Lightning Spire   Summ/Air       0%         N/A       100%        4


Dungeon Overview and Level Annotations

Branches:
Dungeon (5/15)             Temple (1/1) D:4

Altars:
Ashenzari
Cheibriados
Elyvilon
Fedhas
Gozag
Hepliaklqana
Makhleb
Okawaru
Qazlal
Trog
Uskayaw
Vehumet
Wu Jian
Xom
Yredelemnul
Zin


Innate Abilities, Weirdness & Mutations

Your life essence is reduced to manifest your ancestor. (-10% HP)
You are small and have problems with some larger weapons.
You are completely attuned to the shadows.


Message History

An orc comes into view. It is wielding a +0 flail.
An orc is nearby!
An orc is nearby!
An orc is nearby!
You shoot an arrow. The arrow hits the orc!!
You kill the orc!
No target in view!
An orc comes into view. It is wielding a +0 trident.
An orc is nearby!
An orc is nearby!
An orc is nearby!
You shoot an arrow. The arrow hits the orc!!
You kill the orc!
Your Dodging skill increases to level 5!
No target in view!
HP restored.
You swap places.
Matia is smitten.
An orc priest comes into view. It is wielding a +0 trident.
An orc priest is nearby!
An orc priest is nearby!
You shoot an arrow.
The arrow hits the orc priest but does no damage.
An orc priest comes into view. It is wielding a +0 whip.
The orc priest casts a cantrip, but nothing happens.
Matia hits the orc priest but does no damage.
You shoot an arrow.
The arrow hits the orc priest but does no damage.
The orc priest invokes the aid of Beogh against you.
Beogh smites you!
Matia hits the orc priest but does no damage.
The orc priest begins to cast a cantrip, but forgets the words!
The orc priest invokes the aid of Beogh against you.
Beogh smites you!
Matia hits the orc priest.
The orc priest mumbles some strange prayers to Beogh against you.
Beogh smites you!
* * * LOW HITPOINT WARNING * * *
The orc priest calls down the wrath of Beogh upon you.
Pain shoots through your body!
You die...

.....♣.♣P....♣
.....♣P...b..)P
.....♣.♣....P♣.
####.P.♣♣P.
#.bPP♣♣. #.o~P.
###.~RoP
#...^...
#.#@..#.
#.#...# #.##.##
.. .# .#


You could see the friendly Matia the ancestor and 2 orc priests.

Vanquished Creatures
  Prince Ribbit (D:5)
  Sigmund (D:2)
  A water moccasin (D:5)
  2 hounds
  Jessica (D:2)
  3 iguanas (D:4)
  3 gnolls
  7 adders
  A worm (D:4)
  2 dart slugs
  5 orcs
  2 endoplasms
  4 giant cockroaches
  6 hobgoblins
  4 jackals (D:3)
  A quokka (D:4)
  5 ball pythons
  5 bats
  A frilled lizard (D:3)
  7 goblins
  8 kobolds
  2 rats
72 creatures vanquished.

Vanquished Creatures (collateral kills)
  An orc (D:4)
  A hobgoblin (D:4)
  A quokka (D:4)
  A ball python (D:4)
4 creatures vanquished.

Grand Total: 76 creatures vanquished

Notes
Turn   | Place    | Note
-------+----------+-------------------------------------------
     0 | D:1      | Newt the Kobold Hunter began the quest for the Orb.
     0 | D:1      | Reached XP level 1. HP: 12/12 MP: 1/1
   231 | D:1      | Reached XP level 2. HP: 18/18 MP: 2/2
   599 | D:2      | Noticed Jessica
   601 | D:2      | Killed Jessica
   602 | D:2      | Reached XP level 3. HP: 24/24 MP: 3/3
   859 | D:2      | Noticed Sigmund
  1088 | D:2      | Killed Sigmund
  1089 | D:2      | Reached skill level 5 in Fighting
  1089 | D:2      | Reached skill level 7 in Ranged Weapons
  1089 | D:2      | Reached XP level 4. HP: 22/31 MP: 4/4
  1089 | D:2      | Reached XP level 5. HP: 24/35 MP: 5/5
  1089 | D:2      | Reached XP level 6. HP: 28/40 MP: 6/6
  1868 | D:3      | Found a faded altar of an unknown god.
  2839 | D:4      | Reached skill level 8 in Ranged Weapons
  3040 | D:4      | Found a staircase to the Ecumenical Temple.
  3049 | Temple   | Entered the Ecumenical Temple
  3117 | Temple   | Became a worshipper of Hepliaklqana the Forgotten
  3146 | D:4      | Found an opulent altar of Gozag.
  3303 | D:4      | Reached XP level 7. HP: 44/44 MP: 7/7
  3322 | D:4      | Found a radiant altar of Vehumet.
  3439 | D:4      | Reached * piety under Hepliaklqana
  3782 | D:4      | Reached skill level 9 in Ranged Weapons
  3893 | D:4      | Found a snail-covered altar of Cheibriados.
  4268 | D:5      | Entered Level 5 of the Dungeon
  4298 | D:5      | Found a burning altar of Makhleb.
  4299 | D:5      | Noticed an Executioner
  4299 | D:5      | Noticed a water moccasin
  4302 | D:5      | Killed a water moccasin
  4305 | D:5      | Found a glowing silver altar of Zin.
  4350 | D:5      | Found a white marble altar of Elyvilon.
  4352 | D:5      | Noticed Prince Ribbit
  4358 | D:5      | Reached skill level 10 in Ranged Weapons
  4359 | D:5      | Killed Prince Ribbit
  4360 | D:5      | Reached XP level 8. HP: 35/44 MP: 8/8
  4387 | D:5      | Reached skill level 5 in Dodging
  4408 | D:5      | Killed from afar by an orc priest

Illustrated notes

Levels and vault maps discovered:
D:1:      dpeg_arrival_water_altar, layout_basic
D:2:      kb_forest_paths, layout_loops_corners, uniq_jessica, uniq_sigmund,
          uniq_natasha
D:3:      layout_loops_ring, ebering_ecumenical_altar_hall, nrook_campfire
D:4:      corexii_shack_village, layout_gridville, marbit_many_paths,
          general_overflow_altar, kennysheep_slug_shrine,
          minmay_temple_entry_stoned_glass
D:5:      layout_loops_cross, grunt_temple_overflow_order_and_chaos_2,
          nicolae_elyvilon_peaceful_grove, uniq_prince_ribbit1
Temple:   nicolae_temple_ecumenical_triangle

Skill      XL: |  1  2  3  4  5  6  7  8 |
---------------+-------------------------+-----
Fighting       | 4 5 |  5.0
Ranged Weapons | 7 8 10 | 10.0
Dodging        | 4 5 |  5.0
Stealth        | |  1.3

Action                     |  1- 3 |  4- 6 |  7- 9 || total
---------------------------+-------+-------+-------++-------
   Fire: Shortbow          |    41 |    62 |    50 ||   153
    Use: Scroll            |     7 |     2 |       ||     9
         Potion            |     1 |     2 |       ||     3
 Armour: Leather armour    |     5 |     5 |     7 ||    17
         Chain mail        |       |       |     5 ||     5
  Dodge: Dodged            |    21 |    52 |    17 ||    90

Table legend: (Time is in decaauts)
 A = Elapsed time spent in this place.
 B = Non-inter-level travel time spent in this place.
 C = Inter-level travel time spent in this place.
 D = Time resting spent in this place.
 E = Time spent auto-exploring this place.
 F = Levels seen in this place.
 G = Mean time per level.
                   A        B        C        D        E       F      G
               +--------+--------+--------+--------+--------+-----+--------+
         Total |   4525 |   4311 |    214 |    937 |   2900 |   6 |  754.2 |
       Dungeon |   4449 |   4254 |    195 |    937 |   2853 |   5 |  889.8 |
        Temple |     75 |     56 |     19 |      0 |     47 |   1 |   75.0 |
               +--------+--------+--------+--------+--------+-----+--------+

Top non-repeatable levels by time:
     D:4: 1591 daAuts
     D:3: 1111 daAuts
     D:1: 804 daAuts
     D:2: 786 daAuts
     D:5: 155 daAuts
  Temple: 75 daAuts
